 Dungeon Crawl Stone Soup version 0.28-a0-1447-ga5a8893891 (webtiles) character file.

Game seed: 803879541683603946

1197 herbaltea the Grave Robber (level 8, -2/60 HPs)
             Began as a Mummy Necromancer on Jan 11, 2022.
             Slain by a water moccasin (6 damage)
             ... while paralysed by a centaur
             ... on level 6 of the Dungeon.
             The game lasted 00:16:51 (6921 turns).

herbaltea the Grave Robber (Mummy Necromancer)      Turns: 6921, Time: 00:16:52

Health: -2/60      AC:  6    Str: 11    XL:     8   Next: 20%
Magic:  15/16      EV:  2    Int: 16    God:
Gold:   304        SH:  0    Dex: 13    Spells: 12/17 levels left

rFire   . . .      SeeInvis .   a - +1 dagger (elec)
rCold   + . .      Faith    .   (no shield)
rNeg    + + +      Spirit   .   c - +0 ring mail
rPois   ∞          Reflect  .   (no helmet)
rElec   .          Harm     .   (no cloak)
rCorr   .          Rampage  .   o - +0 pair of gloves
Will    +....                   (no boots)
Stlth   ++........              e - amulet of the acrobat
HPRegen 0.20/turn               p - ring of protection from fire
MPRegen 0.15/turn               (no ring)

@: paralysed
A: cold resistance 1, negative energy resistance 3, torment resistance 2, heat
vulnerability 1, no potions
a: no special abilities


You were on level 6 of the Dungeon.
You visited 1 branch of the dungeon, and saw 6 of its levels.

You collected 304 gold pieces.

Inventory:

Hand Weapons
 a - a +1 dagger of electrocution (weapon)
 b - a +0 hunting sling
 w - a +0 hand crossbow
 z - a +1 war axe of venom
Missiles
 h - 27 sling bullets
 j - 79 bolts
 k - 61 arrows
 m - 144 stones
 r - 16 poisoned darts
 t - 2 curare-tipped darts
 u - 5 boomerangs
Armour
 c - a +0 ring mail (worn)
 g - a +0 robe
 o - a +0 pair of gloves (worn)
 A - a +0 chain mail
Jewellery
 e - an amulet of the acrobat (around neck)
 p - a ring of protection from fire (left hand)
Wands
 v - a wand of digging (5)
 x - a wand of iceblast (11)
 y - a wand of paralysis (5)
Scrolls
 d - 2 scrolls of amnesia {unknown}
 f - a scroll of fear {unknown}
 i - 2 scrolls of identify {unknown}
 l - a scroll of magic mapping {unknown}
 n - a scroll of noise {unknown}
 q - a scroll of blinking {unknown}
 s - 2 scrolls of fog {unknown}


   Skills:
 + Level 3.9 Fighting
 + Level 3.5 Dodging
 + Level 3.8 Stealth
 + Level 5.3 Spellcasting
 * Level 6.9 Necromancy


You had 12 spell levels left.
You knew the following spells:

 Your Spells              Type           Power      Damage    Failure   Level
b - Pain                  Necr           100%       1d9       1%          1
v - Vampiric Draining     Necr           26%        2d7       6%          3
z - Animate Skeleton      Necr           52%        N/A       1%          1

Your spell library contained the following spells:

 Spells                   Type           Power      Damage    Failure   Level
 Corpse Rot               Necr/Air       30%        N/A       13%         2
 Animate Dead             Necr           13%        N/A       21%         4
 Poisonous Vapours        Pois/Air       8%         N/A       47%         2
 Agony                    Necr           26%        N/A       50%         5


Dungeon Overview and Level Annotations

Branches:
Dungeon (6/15)
 Temple: D:4-7

Altars:
Xom

Shops:
D:3 [

Annotations:
D:4 orc warrior
D:6 bronco's ghost, novice OpVM


Innate Abilities, Weirdness & Mutations

You are immune to poison.
Your flesh is cold resistant. (rC+)
You are immune to negative energy. (rN+++)
You are immune to unholy pain and torment.
You are vulnerable to heat. (rF-)
You do not drink.


Message History

Casting: Pain (safe; 1% risk of failure)
Confirm with . or Enter, or press ? or * to list all spells.
Aiming: Pain (safe; 1% risk of failure)
Press: ? - help, Shift-Dir - straight line, f/p - water moccasin
Aim: a water moccasin (lightly wounded, chance to affect: 83%)
The water moccasin writhes in agony.
A centaur comes into view.
It is wielding a +0 spear and carrying a wand of paralysis (8).
Casting: Pain (safe; 1% risk of failure)
Confirm with . or Enter, or press ? or * to list all spells.
Aiming: Pain (safe; 1% risk of failure)
Press: ? - help, Shift-Dir - straight line, f/p - water moccasin
Aim: a water moccasin (moderately wounded, chance to affect: 83%)
The water moccasin barely resists.
The centaur shouts!
The centaur unwields a +0 spear.
The centaur wields a +0 shortbow.
The centaur shoots an arrow.
The arrow hits you.
The centaur shoots an arrow.
The arrow barely misses you.
The centaur shoots an arrow.
The arrow barely misses you.
The centaur zaps a wand.
You easily resist.
The water moccasin completely misses you.
The centaur shoots an arrow.
The arrow hits you!
The centaur shoots an arrow.
The arrow completely misses you.
The centaur shoots an arrow.
The arrow misses you. The water moccasin closely misses you.
The centaur shoots an arrow.
The arrow hits you!
The centaur shoots an arrow.
The arrow barely misses you. The water moccasin closely misses you.
The water moccasin bites you.
The centaur zaps a wand.
You suddenly lose the ability to move!
The water moccasin bites you but does no damage.
The centaur shoots an arrow.
The arrow hits you!
* * * LOW HITPOINT WARNING * * *
The centaur zaps a wand.
You easily resist.
The water moccasin bites you but does no damage.
The centaur shoots an arrow.
The arrow hits you!
* * * LOW HITPOINT WARNING * * *
The water moccasin bites you.
* * * LOW HITPOINT WARNING * * *
The water moccasin bites you.
You die...

#.#..# ..##...#.#. #.#!.#
#....#.... .... #.#...###...
#...#####........
#.##$......###.................
###..###..W###...#....##.........
#......#####...## #..............
#...............###........[.....
....#.....[......S.c.......[.....
##..#..>........@.........)......
.##..............................
.......<.....#.................##
.##..........#....#.............#
####...#.###.................##
#>....#.#............##.##..#
####..#.....<...........#### #.#
......##.####...........# ...
####......# ##..........# ..


You could see a water moccasin and a centaur.

Vanquished Creatures
  An orc warrior (D:6)
  A sky beast (D:6)
  Pargi (D:4)
  3 necrophages
  A phantom (D:5)
  2 scorpions
  A bullfrog zombie (D:6)
  A centaur skeleton (D:6)
  A hound (D:6)
  An iguana (D:6)
  2 orc wizards (D:5)
  15 gnolls
  5 adders
  A shadow imp (D:3)
  2 white imps (D:6)
  2 worms (D:3)
  2 dart slugs
  9 orcs
  6 ball pythons
  3 endoplasms
  3 giant cockroaches
  4 hobgoblins
  3 jackals (D:1)
  4 quokkas
  6 bats
  A frilled lizard (D:1)
  4 goblins
  10 kobolds
  A quokka skeleton (D:4)
  5 rats
101 creatures vanquished.

Vanquished Creatures (collateral kills)
  A ball python (D:1)
1 creature vanquished.

Grand Total: 102 creatures vanquished

Notes
Turn   | Place    | Note
-------+----------+-------------------------------------------
     0 | D:1      | herbaltea the Mummy Necromancer began the quest for the
                  | Orb.
     0 | D:1      | Reached XP level 1. HP: 13/13 MP: 4/4
     2 | D:1      | Learned a level 1 spell: Animate Skeleton
   173 | D:1      | Reached XP level 2. HP: 8/20 MP: 2/5
   861 | D:1      | Reached skill level 1 in Fighting
  1401 | D:2      | Found a shimmering altar of Xom.
  1426 | D:2      | Reached XP level 3. HP: 26/26 MP: 7/7
  1632 | D:2      | Reached XP level 4. HP: 12/32 MP: 2/8
  2595 | D:2      | Learned a level 3 spell: Vampiric Draining
  3035 | D:3      | Found a faded altar of an unknown god.
  3244 | D:3      | Found Urghuicem's Antique Armour Shoppe.
  3373 | D:3      | Reached XP level 5. HP: 27/38 MP: 6/10
  4099 | D:4      | Noticed a necrophage
  4113 | D:4      | Killed a necrophage
  4114 | D:4      | Reached skill level 5 in Necromancy
  4384 | D:4      | Noticed an orc warrior
  4710 | D:4      | Noticed Pargi
  4723 | D:4      | Killed Pargi
  4724 | D:4      | Reached XP level 6. HP: 27/46 MP: 1/12
  5192 | D:5      | Entered Level 5 of the Dungeon
  5446 | D:4      | Reached XP level 7. HP: 45/51 MP: 13/13
  5894 | D:6      | Noticed bronco's ghost (novice OpVM)
  5961 | D:5      | Reached skill level 6 in Necromancy
  6551 | D:5      | Reached skill level 5 in Spellcasting
  6680 | D:6      | Reached XP level 8. HP: 38/60 MP: 1/15
  6918 | D:6      | Paralysed by a centaur for 4 turns
  6920 | D:6      | HP: 3/60 [water moccasin (3)]
  6921 | D:6      | Slain by a water moccasin

Illustrated notes

Levels and vault maps discovered:
D:1:      minmay_arrival_semitransparent, layout_basic
D:2:      layout_basic, basic_altar, minmay_misc_feat_four_crosses
D:3:      layout_basic, serial_shops, shop, ebering_ecumenical_altar_mist,
          minivault_24
D:4:      layout_cave_pods, uniq_pargi
D:5:      layout_rooms, abandoned_shop
D:6:      layout_cave_pools, gammafunk_ghost_icy, minmay_misc_feat_rows,
          ebering_dispersal_statue_hall, minmay_alternating_orb

Skill      XL: |  1  2  3  4  5  6  7 |
---------------+----------------------+-----
Fighting       | 1 2 3 |  3.9
Spellcasting   | 3 4 5 |  5.3
Stealth        | 2 3 |  3.8
Dodging        | 2 3 |  3.5
Necromancy     | 5 6 |  6.9

Action                   |  1- 3 |  4- 6 |  7- 9 || total
-------------------------+-------+-------+-------++-------
Melee: Unarmed           |    16 |       |       ||    16
       Dagger            |    59 |   123 |   138 ||   320
       Punch             |     1 |     2 |     4 ||     7
 Fire: Hunting sling     |       |    68 |       ||    68
 Cast: Pain              |    18 |    34 |    26 ||    78
       Animate Skeleton  |     5 |     1 |     5 ||    11
       Vampiric Draining |       |     2 |     8 ||    10
 Stab: Sleeping          |     1 |       |       ||     1
       Distracted        |       |       |     1 ||     1
Armor: Ring mail         |    31 |    39 |    45 ||   115
Dodge: Dodged            |    60 |    84 |    69 ||   213

Table legend: (Time is in decaauts)
 A = Elapsed time spent in this place.
 B = Non-inter-level travel time spent in this place.
 C = Inter-level travel time spent in this place.
 D = Time resting spent in this place.
 E = Time spent auto-exploring this place.
 F = Levels seen in this place.
 G = Mean time per level.
                   A        B        C        D        E       F      G
               +--------+--------+--------+--------+--------+-----+--------+
         Total |   6929 |   6649 |    280 |   1791 |   3202 |   6 | 1154.8 |
       Dungeon |   6929 |   6649 |    280 |   1791 |   3202 |   6 | 1154.8 |
               +--------+--------+--------+--------+--------+-----+--------+

Top non-repeatable levels by time:
     D:2: 1492 daAuts
     D:1: 1490 daAuts
     D:3: 1274 daAuts
     D:5: 1212 daAuts
     D:4: 1025 daAuts
     D:6: 434 daAuts
